 Dungeon Crawl Stone Soup version 0.29-a0-222-g5b244fca1f (webtiles) character file.

Game seed: 6348776890647398876

399 siradein the Ruffian (level 6, 0/56 HPs)
             Began as a Ghoul Monk on Feb 28, 2022.
             Was a Believer of Makhleb.
             Slain by Ijyb
             ... wielding a +0 club
              (3 damage)
             ... on level 5 of the Dungeon.
             The game lasted 00:11:42 (4321 turns).

siradein the Ruffian (Ghoul Monk)                   Turns: 4321, Time: 00:11:42

Health: 0/56       AC:  7    Str: 15    XL:     6   Next: 84%
Magic:  5/5        EV: 16    Int:  8    God:    Makhleb [**....]
Gold:   53         SH:  0    Dex: 13    Spells: 5/5 levels left

rFire   . . .      SeeInvis .   q - +2 dagger (vamp)
rCold   + . .      Faith    .   (no shield)
rNeg    + + +      Spirit   .   o - +0 ring mail
rPois   ∞          Reflect  .   p - +0 helmet {Int+3}
rElec   .          Harm     .   (no cloak)
rCorr   .          Rampage  .   (no gloves)
Will    .....                   i - +0 pair of boots
Stlth   +.........              (no amulet)
HPRegen 0.00/turn               m - +4 ring of evasion
MPRegen 0.09/turn               (no ring)

@: inhibited regen
A: claws 1, cold resistance 1, negative energy resistance 3, inhibited
regeneration, torment resistance 2
a: Renounce Religion, Minor Destruction


You were on level 5 of the Dungeon.
You worshipped Makhleb.
Makhleb was pleased with you.
You visited 2 branches of the dungeon, and saw 6 of its levels.

You collected 168 gold pieces.
You spent 115 gold pieces at shops.

Inventory:

Hand Weapons
 q - a +2 vampiric dagger (weapon)
Missiles
 h - 2 poisoned darts (quivered)
Armour
 i - a +0 pair of boots (worn)
 o - a +0 ring mail (worn)
 p - a +0 helmet of intelligence (worn)
Jewellery
 m - a +4 ring of evasion (left claw)
Scrolls
 b - 2 scrolls of amnesia {unknown}
 c - a scroll of silence {unknown}
 d - a scroll of vulnerability {unknown}
 e - 3 scrolls of identify {unknown}
 g - 2 scrolls of noise {unknown}
 l - 2 scrolls of teleportation {unknown}
Potions
 a - a potion of lignification {unknown}
 f - a potion of heal wounds
 j - a potion of haste {unknown}
 k - 2 potions of degeneration {unknown}
 n - a potion of curing {unknown}


   Skills:
 + Level 5.0 Fighting
 + Level 2.2 Armour
 + Level 4.1 Dodging
 - Level 2.1 Stealth
 + Level 5.1 Unarmed Combat
 + Level 0.2 Invocations


You had 5 spell levels left.
You didn't know any spells.
Your spell library contained the following spells:

 Spells                   Type           Power      Damage    Failure   Level
 Corpse Rot               Necr/Air       0%         N/A       77%         2
 Call Canine Familiar     Summ           0%         N/A       94%         3
 Portal Projectile        Hex/Tloc       0%         N/A       94%         3
 Summon Guardian Golem    Hex/Summ       0%         N/A       94%         3
 Dispel Undead            Necr           0%         3d6       100%        4
 Leda's Liquefaction      Hex/Erth       0%         N/A       100%        4
 Death Channel            Necr           0%         N/A       100%        6
 Orb of Destruction       Conj           0%         9d5       100%        7
 Spellforged Servitor     Conj/Summ      0%         N/A       100%        7


Dungeon Overview and Level Annotations

Branches:
Dungeon (5/15)             Temple (1/1) D:4

Altars:
Ashenzari
Fedhas
Gozag
Kikubaaqudgha
Makhleb
Qazlal
Ru
Trog
Uskayaw
Vehumet
Xom
Yredelemnul
Jiyva

Shops:
D:3 [

Annotations:
D:5 Ijyb


Innate Abilities, Weirdness & Mutations

You thrive by killing the living.
You are immune to poison.
You have sharp fingernails.
Your flesh is cold resistant. (rC+)
You are immune to negative energy. (rN+++)
You do not regenerate when monsters are visible.
You are immune to unholy pain and torment.


Message History

You hit Ijyb but do no damage.
Ijyb is moderately wounded.
Ijyb hits you but does no damage.
You hit Ijyb but do no damage.
Ijyb is moderately wounded.
Ijyb barely misses you.
You hit Ijyb.
Ijyb is moderately wounded.
Ijyb completely misses you.
Aiming: Minor Destruction (22% risk of failure)
Press: ? - help, Shift-Dir - straight line, f/p - Ijyb
Aim: Ijyb, wielding a +0 club, wearing a +0 chain mail and carrying a wand of mindburst (3) (moderately wounded)
You fail to use your ability.
Ijyb barely misses you.
Aiming: Minor Destruction (22% risk of failure)
Press: ? - help, Shift-Dir - straight line, f/p - Ijyb
Aim: Ijyb, wielding a +0 club, wearing a +0 chain mail and carrying a wand of mindburst (3) (moderately wounded)
You fail to use your ability.
Ijyb barely misses you.
You barely miss Ijyb.
Ijyb is moderately wounded.
Ijyb zaps a wand.
Your mind is blasted!
You barely miss Ijyb.
Ijyb is moderately wounded.
Ijyb hits you with a +0 club.
You hit Ijyb.
You feel better.
Ijyb is heavily wounded.
Ijyb zaps a wand.
Your mind is blasted!
* * * LOW HITPOINT WARNING * * *
You hit Ijyb.
Ijyb is severely wounded.
Ijyb zaps a wand.
You barely resist.
The now-empty wand crumbles to dust.
You barely miss Ijyb.
Ijyb is severely wounded.
Ijyb barely misses you.
You hit Ijyb but do no damage.
Ijyb is severely wounded.
Ijyb misses you.
You closely miss Ijyb.
Ijyb is severely wounded.
Ijyb hits you with a +0 club.
You die...

#.###.#.#
#.# #.#.#
#.###.#.#
#.#...#.#
#.###.#.#
#.###.#.#
#.....#.#
#######.#
#.(.g@.#
#(######


You could see Ijyb.

Vanquished Creatures
  A black bear (D:4)
  A bullfrog (D:4)
  A howler monkey (D:4)
  An orc priest (D:3)
  An iguana (D:5)
  An orc wizard (D:4)
  5 adders
  9 orcs
  8 endoplasms
  2 giant cockroaches
  7 goblins
  7 hobgoblins
  2 jackals (D:1)
  6 quokkas
  2 ball pythons
  3 bats
  9 kobolds
  4 rats
70 creatures vanquished.

Notes
Turn   | Place    | Note
-------+----------+-------------------------------------------
     0 | D:1      | siradein the Ghoul Monk began the quest for the Orb.
     0 | D:1      | Reached XP level 1. HP: 19/19 MP: 0/0
    78 | D:1      | Reached XP level 2. HP: 26/26 MP: 1/1
   559 | D:1      | Reached XP level 3. HP: 33/33 MP: 2/2
   992 | D:1      | Found a faded altar of an unknown god.
  1453 | D:2      | Reached XP level 4. HP: 18/40 MP: 3/3
  2098 | D:3      | Found Avumoo's Armour Shoppe.
  2707 | D:3      | Reached XP level 5. HP: 43/47 MP: 4/4
  2773 | D:3      | Reached skill level 1 in Armour
  2878 | D:3      | Found an opulent altar of Gozag.
  3045 | D:4      | Noticed a black bear
  3159 | D:3      | Bought a +0 helmet of intelligence for 115 gold pieces
  3304 | D:4      | Found a bloodstained altar of Trog.
  3350 | D:4      | Reached XP level 6. HP: 46/53 MP: 5/5
  3387 | D:4      | Killed a black bear
  3388 | D:4      | Reached skill level 5 in Unarmed Combat
  3604 | D:4      | Reached skill level 5 in Fighting
  3808 | D:4      | Found a basalt altar of Yredelemnul.
  3867 | D:4      | Found a staircase to the Ecumenical Temple.
  3876 | Temple   | Entered the Ecumenical Temple
  3993 | Temple   | Became a worshipper of Makhleb the Destroyer
  3993 | Temple   | Reached * piety under Makhleb
  3993 | Temple   | Reached ** piety under Makhleb
  4188 | D:5      | Entered Level 5 of the Dungeon
  4297 | D:5      | Noticed Ijyb
  4321 | D:5      | Slain by Ijyb

Illustrated notes

Levels and vault maps discovered:
D:1:      wheals_arrival_linesprint, layout_loops_ring,
          dreamdust_ecumenical_altar_hidden_monk_grotto
D:2:      layout_basic
D:3:      layout_rooms, mainiacjoe_overflow_six_doors_small, serial_shops, shop
D:4:      layout_cave_pools, trog_book, marbit_many_paths,
          minmay_temple_entry_statues
D:5:      layout_basic, hangedman_abyss_or_decor_jellyfish_corner, uniq_sigmund,
          uniq_ijyb
Temple:   pf_slimified_temple

Skill      XL: |  1  2  3  4  5  6 |
---------------+-------------------+-----
Dodging        | 3 4 |  4.1
Fighting       | 4 5 |  5.0
Unarmed Combat | 4 5 |  5.1
Armour         | 1 2 |  2.2
Stealth        | |  2.1
Invocations    | |  0.2

Action                   |  1- 3 |  4- 6 || total
-------------------------+-------+-------++-------
Melee: Unarmed           |   105 |   125 ||   230
       Punch             |     2 |     7 ||     9
       Dagger            |       |    53 ||    53
Throw: Dart              |       |     6 ||     6
 Stab: Sleeping          |     8 |       ||     8
Armor: Robe              |    18 |       ||    18
       Scale mail        |     7 |    16 ||    23
       Leather armour    |       |     1 ||     1
       Ring mail         |       |    22 ||    22
Dodge: Dodged            |    62 |   112 ||   174

Table legend: (Time is in decaauts)
 A = Elapsed time spent in this place.
 B = Non-inter-level travel time spent in this place.
 C = Inter-level travel time spent in this place.
 D = Time resting spent in this place.
 E = Time spent auto-exploring this place.
 F = Levels seen in this place.
 G = Mean time per level.
                   A        B        C        D        E       F      G
               +--------+--------+--------+--------+--------+-----+--------+
         Total |   4307 |   4038 |    269 |    619 |   2584 |   6 |  717.8 |
       Dungeon |   4172 |   3903 |    269 |    619 |   2512 |   5 |  834.4 |
        Temple |    134 |    134 |      0 |      0 |     72 |   1 |  134.0 |
               +--------+--------+--------+--------+--------+-----+--------+

Top non-repeatable levels by time:
     D:1: 1299 daAuts
     D:2: 1092 daAuts
     D:4: 950 daAuts
     D:3: 697 daAuts
  Temple: 134 daAuts
     D:5: 132 daAuts
